 Dungeon Crawl Stone Soup version 0.26.1-10-gdfb7c7de75 (webtiles) character file.

Game seed: 7932867724605188976

7845 Almogavar the Carver (level 11, -1/94 HPs)
             Began as a Black Draconian Fighter on Apr 7, 2021.
             Was a Priest of Okawaru.
             Slain by a freezing wraith (9 damage)
             ... on level 10 of the Dungeon.
             The game lasted 00:32:55 (15753 turns).

Almogavar the Carver (Black Draconian Fighter)     Turns: 15753, Time: 00:32:55

Health: -1/94      AC:  8    Str: 21    XL:     11   Next: 2%
Magic:  0/11       EV: 17    Int: 10    God:    Okawaru [***...]
Gold:   582        SH: 13    Dex: 10    Spells: 10/10 levels left

rFire    . . .     SeeInvis .   a - +1 long sword
rCold    . . .     Faith    .   b - +0 kite shield
rNeg     . . .     Spirit   +   (armour unavailable)
rPois    .         Reflect  .   (helmet restricted)
rElec    +         Harm     .   (no cloak)
rCorr    +         Rampage  .   (no gloves)
Will     .....                  E - +0 pair of boots
Stlth    +++.......             s - amulet of guardian spirit
HPRegen  0.25/turn              y - ring of resist corrosion
MPRegen  0.12/turn              (no ring)

@: mighty, heroism
A: breathe lightning, unfitting armour, electricity resistance, cold-blooded, AC
+7
a: Breathe Lightning, Renounce Religion, Heroism


You were on level 10 of the Dungeon.
You worshipped Okawaru.
Okawaru was most pleased with you.
You visited 2 branches of the dungeon, and saw 11 of its levels.
You also visited: Sewer and Ossuary.

You collected 582 gold pieces.

Inventory:

Hand Weapons
 a - a +1 long sword (weapon)
Missiles
 e - 14 boomerangs (quivered)
 f - 8 javelins
Armour
 b - a +0 kite shield (worn)
 E - a +0 pair of boots (worn)
Jewellery
 s - an amulet of guardian spirit (around neck)
 v - an uncursed amulet of magic regeneration
 y - a ring of resist corrosion (left hand)
Wands
 l - a wand of iceblast (12)
 r - a wand of flame (27)
 A - a wand of polymorph (6)
Scrolls
 d - 3 scrolls of teleportation
 h - 4 scrolls of enchant armour
 m - 3 scrolls of remove curse {unknown}
 t - a scroll of fear
 u - 4 scrolls of vulnerability {unknown}
 x - a scroll of magic mapping
 z - a scroll of blinking
 C - 2 scrolls of amnesia
 D - a scroll of brand weapon {unknown}
 F - a scroll of enchant weapon
Potions
 c - 2 potions of might
 g - 2 potions of attraction {unknown}
 i - 5 potions of flight
 j - 5 potions of curing
 k - 3 potions of brilliance
 n - 2 potions of heal wounds
 o - a potion of mutation {unknown}
 p - 2 potions of ambrosia
 q - a potion of berserk rage
 w - a potion of magic
 B - a potion of resistance {unknown}


   Skills:
 + Level 8.1(13.1) Fighting
 + Level 11.0(16.0) Long Blades
 + Level 2.8(7.8) Throwing
 + Level 6.7(11.7) Dodging
 + Level 2.6(7.6) Stealth
 + Level 8.3(13.3) Shields
 + Level 1.2 Invocations


You had 10 spell levels left.
You didn't know any spells.
Your spell library contained the following spells:

 Spells                   Type           Power        Failure   Level
 Animate Skeleton         Necr           0%           43%         1
 Apportation              Tloc           0%           43%         1
 Corona                   Hex            0%           43%         1
 Magic Dart               Conj           0%           43%         1
 Summon Small Mammal      Summ           0%           43%         1
 Searing Ray              Conj           0%           56%         2
 Dazzling Flash           Conj/Hex       0%           80%         3
 Fulminant Prism          Conj/Hex       0%           99%         4
 Iskenderun's Mystic Bla  Conj/Tloc      0%           99%         4


Dungeon Overview and Level Annotations

Branches:
Dungeon (10/15)            Temple (1/1) D:5           Sewer (visited)
Ossuary (visited)
   Lair: D:8-11         Orc: D:9-12

Altars:
Ashenzari
Cheibriados
Dithmenos
Elyvilon
Fedhas
Gozag
Hepliaklqana
Kikubaaqudgha
Makhleb
Nemelex Xobeh
Okawaru
Qazlal
Ru
Sif Muna
Trog
Uskayaw
Wu Jian
Xom
Yredelemnul
Zin
The Shining One

Shops:
D:4 }   D:5 [   D:6 [*[


Innate Abilities, Weirdness & Mutations

You can breathe wild blasts of lightning.
Your glossy black scales are hard. (AC +7)
You cannot fit into any form of body armour.
You are resistant to electric shocks. (rElec)
You are cold-blooded and may be slowed by cold attacks.


Message History

You block the freezing wraith's attack. The freezing wraith misses you.
Unknown command.
You slash the freezing wraith!
The freezing wraith is moderately damaged.
Unknown command.
You feel very mighty all of a sudden. You block the freezing wraith's attack.
The freezing wraith barely misses you.
You slice the freezing wraith!!
Your tail-slap misses the freezing wraith.
The freezing wraith is heavily damaged.
The freezing wraith barely misses you.
You riposte.
You hit the freezing wraith but do no damage.
The freezing wraith is heavily damaged.
The freezing wraith hits you.
* * * LOW HITPOINT WARNING * * *
You hit the freezing wraith but do no damage.
You tail-slap the freezing wraith, but do no damage.
The freezing wraith is heavily damaged.
The freezing wraith hits you!
You die...

# #... #...# #...
#...#
#...###########
.######...#
#...#......@..#
..........#
#...#..##+##W.#
.........#
#...#..#...#).#
.........#
+###...#..#...#..#
#......#
.......'..#...#...
+......'
######.#..'...#....
#......#
#.'..#...#.....
#.......
#.#..#####......
#.......
#.#)........
#.......


You could see a freezing wraith.

Vanquished Creatures
  An ugly thing (D:9)
  Joseph (D:8)
  Psyche (D:8)
  2 gargoyles
  Maggie (D:9)
  2 trolls
  Grinder (Sewer)
  Prince Ribbit (D:8)
  Sigmund (D:3)
  5 yaks
  3 water moccasins
  A necrophage (D:9)
  A sky beast (D:8)
  A phantom (D:4)
  5 ogres
  An orc warrior (D:10)
  2 ice beasts
  4 centaurs
  A big kobold (Sewer)
  Blork the orc (D:6)
  2 bullfrogs
  2 elf zombies (Ossuary)
  5 scorpions
  7 wights
  5 centaur zombies
  3 human zombies (Ossuary)
  4 jellies
  3 quasits
  A bullfrog zombie (D:9)
  7 orc priests
  A gnoll shaman (D:9)
  A bullfrog skeleton (D:9)
  4 hounds
  2 iguanas
  3 orc wizards
  9 worker ants
  A big kobold zombie (Sewer)
  A hound skeleton (D:6)
  A hound zombie (Ossuary)
  3 mummies (Ossuary)
  A howler monkey zombie (D:6)
  A worker ant zombie (D:5)
  8 gnolls
  7 adders
  A shadow imp (D:4)
  A white imp (D:6)
  10 ufetubi
  9 oozes
  6 adder zombies
  2 adder skeletons (D:9)
  2 worms
  2 dart slugs
  12 leopard geckos
  35 orcs
  8 giant cockroaches
  6 goblins
  4 hobgoblins
  7 jackals
  3 quokkas
  A ball python (Sewer)
  4 bats
  3 frilled lizards
  A giant cockroach zombie (Sewer)
  3 goblin zombies (Ossuary)
  A hobgoblin zombie (Ossuary)
  A jackal skeleton (D:8)
  5 jackal zombies (Ossuary)
  28 kobolds
  4 kobold zombies
  A leopard gecko zombie (D:7)
  An orc zombie (Ossuary)
  3 quokka skeletons
  4 quokka zombies (Ossuary)
  7 rats
  3 rat zombies (Ossuary)
296 creatures vanquished.

Vanquished Creatures (others)
  A big kobold zombie (Sewer)
  An adder zombie (Sewer)
  A kobold zombie (Sewer)
  3 fungi (D:2)
  8 toadstools (D:2)
14 creatures vanquished.

Grand Total: 310 creatures vanquished

Notes
Turn   | Place    | Note
-------+----------+-------------------------------------------
     0 | D:1      | Almogavar the Draconian Fighter began the quest for the
                  | Orb.
     0 | D:1      | Reached XP level 1. HP: 19/19 MP: 1/1
   127 | D:1      | Reached XP level 2. HP: 10/26 MP: 2/2
  1223 | D:2      | Found an ancient bone altar of Kikubaaqudgha.
  1290 | D:2      | Found a hide-covered altar of Uskayaw.
  1297 | D:2      | Reached XP level 3. HP: 28/31 MP: 3/3
  2029 | D:2      | Reached skill level 3 in Long Blades
  2068 | D:2      | Reached XP level 4. HP: 26/40 MP: 4/4
  2316 | D:2      | Reached XP level 5. HP: 26/46 MP: 5/5
  2835 | D:3      | Reached skill level 4 in Long Blades
  3213 | D:3      | Noticed Sigmund
  3223 | D:3      | Killed Sigmund
  3224 | D:3      | Reached skill level 5 in Long Blades
  3224 | D:3      | Reached XP level 6. HP: 37/53 MP: 6/6
  3638 | D:3      | Found a shadowy altar of Dithmenos.
  4143 | D:4      | Found Nuutham's Gadget Shoppe.
  4668 | D:4      | Your scales start taking on a glossy black colour.
  4668 | D:4      | Reached XP level 7. HP: 35/60 MP: 5/7
  4668 | D:4      | Gained mutation: You are resistant to electric shocks.
                  | (rElec) [Black Draconian growth]
  4965 | D:5      | Entered Level 5 of the Dungeon
  5094 | D:4      | Reached skill level 6 in Long Blades
  5482 | D:5      | Reached skill level 5 in Shields
  5520 | D:5      | Found a staircase to the Ecumenical Temple.
  5528 | D:5      | Found a glowing drain.
  5543 | Sewer    | Entered a sewer
  5793 | Sewer    | Found a burning altar of Makhleb.
  5810 | Sewer    | Noticed Grinder
  5838 | Sewer    | Reached XP level 8. HP: 28/67 MP: 5/8
  5858 | Sewer    | Paralysed by Grinder for 6 turns
  5877 | Sewer    | Reached skill level 5 in Fighting
  5877 | Sewer    | Killed Grinder
  6412 | Temple   | Entered the Ecumenical Temple
  6589 | Temple   | Became a worshipper of Warmaster Okawaru
  6771 | D:5      | Found Ilonewut's Armour Shoppe.
  7076 | D:5      | Reached skill level 7 in Long Blades
  7076 | D:5      | Reached skill level 5 in Dodging
  7076 | D:5      | Reached skill level 1 in Stealth
  7181 | D:5      | Found a shadowy altar of Dithmenos.
  7464 | D:6      | Found Gihuost's Antique Armour Emporium.
  7551 | D:6      | Found Coagarej's Assorted Antiques.
  7641 | D:6      | Reached * piety under Okawaru
  7829 | D:6      | Found Amye's Antique Armour Shop.
  7942 | D:6      | Noticed Blork the orc
  7951 | D:6      | Killed Blork the orc
  8297 | D:6      | Found a basalt altar of Yredelemnul.
  8378 | D:7      | Reached XP level 9. HP: 72/73 MP: 9/9
  8443 | D:7      | Reached skill level 8 in Long Blades
  9364 | D:8      | Reached ** piety under Okawaru
  9463 | D:8      | Found a sand-covered staircase.
  9467 | Ossuary  | Entered an ossuary
  9846 | Ossuary  | Reached skill level 9 in Long Blades
 10425 | D:8      | Noticed Joseph
 10452 | D:8      | Killed Joseph
 10613 | D:8      | Noticed Psyche
 10622 | D:8      | Killed Psyche
 10623 | D:8      | Reached XP level 10. HP: 50/86 MP: 6/10
 10627 | D:8      | Noticed Prince Ribbit
 10642 | D:8      | Killed Prince Ribbit
 10643 | D:8      | Reached skill level 1 in Throwing
 11348 | D:8      | Found a white marble altar of Elyvilon.
 11882 | D:9      | Found a burning altar of Makhleb.
 11896 | D:8      | Reached skill level 10 in Long Blades
 12250 | D:9      | Found a burning altar of Makhleb.
 12524 | D:9      | Reached *** piety under Okawaru
 12600 | D:9      | Noticed a gargoyle
 12621 | D:9      | Killed a gargoyle
 12933 | D:9      | Noticed Maggie
 12960 | D:9      | Killed Maggie
 13166 | D:9      | Found a stormy altar of Qazlal.
 13478 | D:9      | Found a faded altar of an unknown god.
 13478 | D:9      | Found an ornate altar of the Wu Jian Council.
 13486 | D:9      | Found a sacrificial altar of Ru.
 13488 | D:9      | Found a glowing golden altar of the Shining One.
 13490 | D:9      | Found a shimmering altar of Xom.
 13603 | D:9      | Noticed a red ugly thing
 13611 | D:9      | HP: 2/86 [red ugly thing (16)]
 13617 | D:9      | Killed a red ugly thing
 14061 | D:10     | Entered Level 10 of the Dungeon
 14422 | D:10     | Reached skill level 1 in Invocations
 14901 | D:10     | Noticed a gargoyle
 14930 | D:10     | Killed a gargoyle
 14931 | D:10     | Reached skill level 11 in Long Blades
 15355 | D:10     | Reached XP level 11. HP: 89/94 MP: 9/11
 15753 | D:10     | Slain by a freezing wraith

Illustrated notes

Levels and vault maps discovered:
D:1:      minmay_arrival_up_and_down, layout_basic
D:2:      cheibrodos_fertilizer, layout_loops_corners,
          eat_drink_and_be_merry_uskayaw, lemuel_tele_altar
D:3:      layout_rooms, nicolae_dithmenos_shadow_blocks, uniq_sigmund
D:4:      layout_loops_corners, serial_shops, nicolae_shop_crystal
D:5:      layout_cave_pools, lemuel_doored_altar, minmay_temple_entry_overgrown,
          portal_sewer_entry_f, serial_shops, nicolae_shop_crystal,
          kennysheep_decorative_pillar
D:6:      layout_basic, lemuel_round_altar, serial_shops, shop,
          nicolae_shop_stone, kennysheep_little_box, uniq_grinder,
          uniq_blork_the_orc
D:7:      layout_rooms
D:8:      layout_layer_cave, elyvilon_altar_3, enter_ossuary_5, kennysheep_nub,
          uniq_psyche, uniq_joseph, uniq_prince_ribbit1
D:9:      layout_layer_cave, chequers_temple_overflow_minitemple,
          lemuel_crystal_altar, amcnicky_mini_rare_corridor_liquid,
          amcnicky_mini_corridor_feature, hangedman_feature_mirror, uniq_maggie
D:10:     layout_irregular_city, corexii_checkpoint_a, hex_tiny
Temple:   nicolae_temple_figure_eight

Skill      XL: |  1  2  3  4  5  6  7  8  9 10 |
---------------+-------------------------------+-----
Dodging        | 3 4 5 6 |  6.7
Long Blades    | 3 5 6 7 9 11 | 11.0
Fighting       | 4 5 7 8 |  8.1
Shields        | 4 5 6 7 8 |  8.3
Stealth        | 1 2 |  2.6
Throwing       | 2 |  2.8
Invocations    | 1 |  1.2

Action                   |  1- 3 |  4- 6 |  7- 9 | 10-12 || total
-------------------------+-------+-------+-------+-------++-------
Melee: Long sword        |   102 |   181 |   587 |   280 ||  1150
       Tailslap          |     7 |    28 |    80 |    46 ||   161
Throw: Boomerang         |       |       |    15 |    45 ||    60
Invok: Heroism           |       |       |     3 |    11 ||    14
 Abil: Breathe Lightning |       |       |     7 |     9 ||    16
  Use: Scroll            |       |     5 |    13 |     1 ||    19
       Potion            |       |       |     2 |     3 ||     5
 Stab: Sleeping          |       |       |     1 |     1 ||     2
Armor: Skin              |    41 |    47 |   204 |    46 ||   338
Dodge: Dodged            |    35 |    94 |   334 |   140 ||   603
Block: Kite shield       |    52 |    93 |   370 |   130 ||   645
       Rpst.: Long sword |    11 |    32 |    89 |    31 ||   163
